 Dungeon Crawl Stone Soup version 0.30-a0-571-gdf30a72648 (webtiles) character file.

Game seed: 8982281445662958419

44 FakeRyeBread the Digger (level 3, -5/19 HPs)
             Began as a Gargoyle Earth Elementalist on Dec 29, 2022.
             Slain by an iguana (9 damage)
             ... on level 3 of the Dungeon.
             The game lasted 00:08:36 (1330 turns).

FakeRyeBread the Digger (GrEE)                      Turns: 1330, Time: 00:08:36

Health: -5/19      AC:  6    Str: 11    XL:     3   Next: 60%
Magic:  2/6        EV: 11    Int: 17    God:
Gold:   87         SH:  0    Dex: 10    Spells: 0/6 levels left

rFire   + . .      SeeInvis .    i - +0 dagger
rCold   . . .      Faith    .    (no shield)
rNeg    + . .      Spirit   .    e - +0 leather armour
rPois   ∞          Reflect  .    (no helmet)
rElec   +          Harm     .    (no cloak)
rCorr   .          Rampage  .    (no gloves)
Will    .....                    (no boots)
Stlth   ++                       (no amulet)
HPRegen 0.23/turn                a - ring of protection from fire
MPRegen 0.10/turn                (no ring)

@: no status effects
A: sickness immunity, AC +3, negative energy resistance 1, electricity
resistance, torment resistance 1, petrification resistance
a: no special abilities


You were on level 3 of the Dungeon.
You visited 1 branch of the dungeon, and saw 3 of its levels.

You collected 87 gold pieces.

Inventory:

Hand Weapons
 i - a +0 dagger (weapon)
Missiles
 h - 23 stones
 l - 5 boomerangs (quivered)
Armour
 e - a +0 leather armour (worn)
Jewellery
 a - a ring of protection from fire (left hand)
Scrolls
 c - 2 scrolls of magic mapping {unknown}
 d - a scroll of silence {unknown}
 k - 2 scrolls of acquirement {unknown}
 m - 2 scrolls of teleportation {unknown}
 o - 2 scrolls of enchant armour {unknown}
 p - a scroll of identify {unknown}
Potions
 b - a potion of magic
 f - 2 potions of degeneration {unknown}
 g - 4 potions of curing {unknown}
 j - a potion of berserk rage {unknown}
 n - a potion of might {unknown}
 q - a potion of haste {unknown}


   Skills:
 - Level 1.5 Dodging
 - Level 2.1 Stealth
 - Level 2.0 Spellcasting
 * Level 1.1 Conjurations
 - Level 0.7 Transmutations
 + Level 5.2 Earth Magic


You couldn't memorise any spells.
You knew the following spells:

 Your Spells              Type           Power      Damage    Failure   Level
a - Sandblast             Erth           38%        2d10      3%          1
b - Stone Arrow           Conj/Erth      24%        3d8       21%         3
c - Passwall              Tmut/Erth      9%         N/A       12%         2

Your spell library contained the following spells:

 Spells                   Type           Power      Damage    Failure   Level
 Gell's Gravitas          Tloc           1%         N/A       58%         3
 Lesser Beckoning         Tloc           2%         N/A       58%         3
 Teleport Other           Tloc           1%         N/A       58%         3
 Petrify                  Tmut/Erth      11%        N/A       58%         4
 Chain Lightning          Conj/Air       1%         3d2       100%        9
 Fire Storm               Conj/Fire      1%         8d1       100%        9
 Shatter                  Erth           9%         3d11*     100%        9


Dungeon Overview and Level Annotations

Branches:
Dungeon (3/15)

Altars:


Innate Abilities, Weirdness & Mutations

You are immune to sickness and miasma.
Your stone body is resilient. (AC +3)
You are immune to poison.
You resist negative energy. (rN+)
You are resistant to electric shocks. (rElec)
You are resistant to unholy torment.
You are immune to petrification.


Message History

The blast of sand misses the iguana.
Casting: Sandblast (safe; 3% risk of failure)
Confirm with . or Enter, or press ? or * to list all spells.
Aiming: Sandblast (safe; 3% risk of failure)
Press: ? - help, Shift-Dir - straight line, f/p - iguana
Aim: an iguana (moderately wounded, 84% to hit)
The blast of sand hits the iguana.
The iguana is severely wounded.
The iguana bites you.
You hit the iguana but do no damage.
The iguana is severely wounded.
The iguana misses you.
You barely miss the iguana.
The iguana is severely wounded.
The iguana bites you.
You completely miss the iguana.
The iguana is severely wounded.
The iguana bites you!
You hit the iguana but do no damage.
The iguana is severely wounded.
The iguana misses you.
You closely miss the iguana.
The iguana is severely wounded.
The iguana bites you but does no damage.
Casting: Sandblast (safe; 3% risk of failure)
Confirm with . or Enter, or press ? or * to list all spells.
Aiming: Sandblast (safe; 3% risk of failure)
Press: ? - help, Shift-Dir - straight line, f/p - iguana
Aim: an iguana (severely wounded, 84% to hit)
The blast of sand misses the iguana.
The iguana bites you but does no damage.
The iguana bites you.
* * * LOW HITPOINT WARNING * * *
Casting: Sandblast (safe; 3% risk of failure)
Confirm with . or Enter, or press ? or * to list all spells.
Aiming: Sandblast (safe; 3% risk of failure)
Press: ? - help, Shift-Dir - straight line, f/p - iguana
Aim: an iguana (severely wounded, 84% to hit)
The blast of sand misses the iguana.
The iguana bites you!
You die...

# ....##.###### #. #
............##. #. #
...............###.#####
................?#......
........................
........................
..............##........
....$$l@......##.#......
....)...................
.....................###
...................###
...........[.......#
...................#
.................###
.................#
.................#


You could see an iguana.

Vanquished Creatures
  An adder (D:2)
  3 ball pythons
  3 bats
  An endoplasm (D:2)
  A giant cockroach (D:2)
  8 goblins
  4 hobgoblins
  2 kobolds
  A quokka (D:1)
  3 frilled lizards
  4 rats (D:1)
31 creatures vanquished.

Notes
Turn   | Place    | Note
-------+----------+-------------------------------------------
     0 | D:1      | FakeRyeBread the Gargoyle Earth Elementalist began the
                  | quest for the Orb.
     0 | D:1      | Reached XP level 1. HP: 10/10 MP: 3/3
   166 | D:1      | Reached skill level 4 in Earth Magic
   338 | D:1      | Reached XP level 2. HP: 15/15 MP: 1/5
   791 | D:2      | Reached skill level 5 in Earth Magic
   791 | D:2      | Reached XP level 3. HP: 19/19 MP: 3/6
   795 | D:2      | Learned a level 3 spell: Stone Arrow
   798 | D:2      | Learned a level 2 spell: Passwall
  1188 | D:2      | Reached skill level 1 in Conjurations
  1330 | D:3      | Slain by an iguana

Illustrated notes

Levels and vault maps discovered:
D:1:      dpeg_arrival_three_smaller_balls, layout_rooms, serial_park_tiny_2,
          serial_bayou_lagoon_b
D:2:      layout_rooms, minmay_heptomino_d4
D:3:      layout_rooms, uniq_grinder

Skill      XL: |  1  2  3 |
---------------+----------+-----
Earth Magic    | 4 5 |  5.2
Conjurations   | 1 |  1.1
Dodging        | |  1.5
Stealth        | |  2.1
Spellcasting   | |  2.0
Transmutations | |  0.7

Action                   || total
-------------------------++-------
Melee: Club              ||     2
       Dagger            ||    36
Throw: Boomerang         ||     7
 Cast: Sandblast         ||    38
Armor: Leather armour    ||    33
Dodge: Dodged            ||    35

Table legend: (Time is in decaauts)
 A = Elapsed time spent in this place.
 B = Non-inter-level travel time spent in this place.
 C = Inter-level travel time spent in this place.
 D = Time resting spent in this place.
 E = Time spent auto-exploring this place.
 F = Levels seen in this place.
 G = Mean time per level.
                   A        B        C        D        E       F      G
               +--------+--------+--------+--------+--------+-----+--------+
         Total |   1375 |    948 |    427 |    170 |    522 |   3 |  458.3 |
       Dungeon |   1375 |    948 |    427 |    170 |    522 |   3 |  458.3 |
               +--------+--------+--------+--------+--------+-----+--------+

Top non-repeatable levels by time:
     D:1: 795 daAuts
     D:2: 502 daAuts
     D:3: 76 daAuts
